 Dungeon Crawl Stone Soup version 0.22-a0-253-gf9d0ce5 (webtiles) character file.

51811 handsaway the Severer (level 14, -7/135 HPs)
             Began as a Hill Orc Fighter on Mar 2, 2018.
             Was a High Priest of Trog.
             Killed by divine providence
             ... invoked by an orc priest
              (12 damage)
             ... on level 2 of the Orcish Mines on Mar 3, 2018.
             The game lasted 02:12:32 (25686 turns).

handsaway the Severer (Hill Orc Fighter)           Turns: 25686, Time: 02:12:33

Health: -7/135     AC: 22    Str: 24    XL:     14   Next: 61%
Magic:  5/5        EV:  8    Int: 11    God:    Trog [*****.]
Gold:   1185       SH:  0    Dex: 15    Spells: 13/13 levels left

rFire    . . .     SeeInvis .   l - +3 triple sword (antimagic)
rCold    . . .     Gourm    .   (shield currently unavailable)
rNeg     . . .     Faith    +   F - +0 plate armour
rPois    .         Spirit   .   C - +0 helmet {Int+3}
rElec    .         Reflect  .   n - +0 cloak
rCorr    .         Harm     .   j - +0 pair of gloves
MR       +....                  (no boots)
Stlth    ..........             Z - amulet of faith
HPRegen  0.32/turn              J - +5 ring of dexterity
MPRegen  0.09/turn              H - +2 ring of protection

@: about to teleport, drained
A: no striking features
a: Berserk, Trog's Hand, Brothers in Arms, Renounce Religion, Convert to Beogh


You were on level 2 of the Orcish Mines.
You worshipped Trog.
Trog was extremely pleased with you.
You were not hungry.

You visited 4 branches of the dungeon, and saw 20 of its levels.

You collected 1965 gold pieces.
You spent 780 gold pieces at shops.

Inventory:

Hand Weapons
 l - a +3 antimagic triple sword (weapon)
 t - the +0 hand axe "Xireept" {freeze, +Fly rElec rC- Stlth-}
   (You bought it in a shop on level 4 of the Dungeon)

   It has been specially enchanted to freeze those struck by it, causing extra
   injury to most foes and up to half again as much damage against particularly
   susceptible opponents.
   It can also slow down cold-blooded creatures.
   It makes you vulnerable to cold.
   It insulates you from electricity.
   It lets you fly.
   It makes you less stealthy.
 P - a +2 morningstar of pain
 V - the +4 hand axe of the Grave {venom, rElec rF+ rN+ Str+2}
   (You bought it in a shop on level 11 of the Dungeon)

   It poisons the flesh of those it strikes.
   It affects your strength (+2).
   It protects you from fire.
   It insulates you from electricity.
   It protects you from negative energy.
Armour
 a - +0 ice dragon scales
 i - a +2 chain mail of cold resistance
 j - a +0 pair of gloves (worn)
 n - a +0 cloak (worn)
 C - a +0 helmet of intelligence (worn)
 F - a +0 plate armour (worn)
 U - a +2 buckler
Jewellery
 A - the ring of the Wild Haggis {*Tele rN+ MR- Str+6, unknown}
   (You found it on level 6 of the Lair of Beasts)

   [ring of teleportation]

   It may teleport you next to monsters.
   It affects your strength (+6).
   It protects you from negative energy.
   It affects your resistance to hostile enchantments.
 H - a +2 ring of protection (right hand)
 J - a +5 ring of dexterity (left hand)
 M - an uncursed ring of protection from fire
 X - an uncursed ring of resist corrosion
 Z - an amulet of faith (around neck)
Wands
 k - a wand of paralysis (36)
 o - a wand of polymorph (8)
 p - a wand of iceblast (28)
 w - a wand of digging (8)
 S - a wand of flame (9)
Scrolls
 b - a scroll of random uselessness {unknown}
 c - 2 scrolls of noise
 m - a scroll of brand weapon {unknown}
 u - a scroll of acquirement {unknown}
 v - a scroll of magic mapping
 y - a scroll of enchant weapon {unknown}
 B - 5 scrolls of remove curse
 K - 4 scrolls of teleportation
 L - a scroll of torment {unknown}
 N - 3 scrolls of vulnerability {unknown}
 Q - 2 scrolls of enchant armour {unknown}
 T - a scroll of fog
Potions
 d - a potion of might
 e - 2 potions of mutation
 g - a potion of cancellation {unknown}
 q - 5 potions of agility
 r - 5 potions of curing
 s - 2 potions of magic
 x - 2 potions of lignification
 z - 3 potions of resistance
 D - 2 potions of flight {unknown}
 E - a potion of haste {unknown}
 G - 2 potions of ambrosia
 I - a potion of invisibility {unknown}
 R - a potion of brilliance
 W - 2 potions of degeneration {unknown}
 Y - a potion of heal wounds {unknown}
Comestibles
 f - 14 rations


   Skills:
 + Level 15.3(14.5) Fighting
 * Level 5.7(5.0) Long Blades
 - Level 19.0(18.0) Axes
 - Level 0.2(0.0) Throwing
 + Level 13.0(12.2) Armour
 - Level 2.2(1.5) Dodging
 - Level 0.8(0.2) Stealth
 - Level 5.7(5.0) Shields
 - Level 4.7(4.0) Evocations


You had 13 spell levels left.
You didn't know any spells.

Dungeon Overview and Level Annotations

Branches:
Dungeon (11/15)            Temple (1/1) D:4            Lair (6/6) D:11
  Swamp (0/4) Lair:3       Spider (0/4) Lair:3          Orc (2/2) D:9
    Elf (0/3) Orc:2
  Slime: Lair:5-6

Altars:
Ashenzari
Cheibriados
Dithmenos
Elyvilon
Fedhas
Gozag
Hepliaklqana
Kikubaaqudgha
Makhleb
Nemelex Xobeh
Okawaru
Qazlal
Ru
Sif Muna
Trog
Uskayaw
Vehumet
Wu Jian
Xom
Yredelemnul
Zin
The Shining One

Shops:
D:4 (   D:6 [   D:11 ?(!

Annotations:
D:8 exclusion: statue
D:10 exclusion: 2 oklob saplings
Lair:4 exclusion: ice statue
Lair:5 exclusion: 2 oklob plants


Message History

The orc sorcerer hits you with a dagger.
The orc priest looks braver for a moment.
The orc priest mumbles some strange prayers to Beogh against you.
Beogh smites you!
* * * LOW HITPOINT WARNING * * *
The orc priest shouts, "Beogh is our master!
Accept the truth or die!"
The orc sorcerer hits you but does no damage.
The orc priest calls down the wrath of Beogh upon you.
Beogh smites you!
* * * LOW HITPOINT WARNING * * *
The orc sorcerer hits you but does no damage.
You can move again.
As you read the scroll of teleportation, it crumbles to dust.
You feel strangely unstable.
The orc sorcerer points at you and mumbles some strange words.
The bolt of fire hits you!
* * * LOW HITPOINT WARNING * * *
The orc priest mumbles some strange prayers to Beogh against you.
Beogh smites you!
You die...

####### .#....#
.#.##'## #### .##
##.#(..# ##
##@o###....#
...#...# ..#
##..#o'oo⌠.)#
...#####
#..##...####o...#
...#..# #..#...###
.## ...'..#
#.##.....# ####..#
##........# ...####
#.....#..#.#
##.######...########
.#..(.'....## #####


You could see 2 orc sorcerers, an orc warrior, an orc priest and an orc.

Vanquished Creatures
  A fire dragon (Lair:6)
  An ice dragon (Lair:4)
  5 hydras
  A catoblepas (Lair:6)
  4 death yaks (Lair:4)
  7 two-headed ogres
  A fire crab (Lair:6)
  2 orc sorcerers (Orc:1)
  An ugly thing (D:11)
  6 elephants (Lair:4)
  7 black mambas
  2 molten gargoyles (Lair:6)
  8 spiny frogs
  4 rime drakes
  11 komodo dragons
  3 trolls
  11 blink frogs
  2 jumping spiders (Lair:3)
  8 hippogriffs
  A hornet (D:10)
  2 polar bears (Lair:6)
  3 dream sheep
  Sigmund (D:5)
  A redback (Lair:3)
  A basilisk (Lair:1)
  5 wyverns
  19 yaks
  2 hungry ghosts
  2 steam dragons (Lair:6)
  7 vampire mosquitoes (Lair:3)
  2 wargs
  The ghost of wevryn the Magician, an amateur DEWz (D:4)
  4 hell hounds (Lair:6)
  12 water moccasins
  8 porcupines
  A sky beast (D:7)
  10 ice beasts
  26 orc warriors
  17 ogres
  4 boggarts (Lair:6)
  2 wolves
  4 phantoms
  9 centaurs
  16 crocodiles
  12 bullfrogs
  3 gnoll sergeants
  4 scorpions
  8 wights
  2 howler monkeys
  2 electric eels
  5 lava snakes (Lair:6)
  3 crimson imps
  7 hounds
  2 centaur zombies
  A centaur skeleton (D:5)
  5 orc priests (Orc:1)
  Crazy Yiuf (D:4)
  A gnoll shaman (D:5)
  An iron imp (D:6)
  5 jellies
  10 orc wizards
  A bullfrog skeleton (D:11)
  2 iguanas
  10 worker ants
  2 killer bee zombies
  A hound zombie (D:7)
  3 hound skeletons
  18 gnolls
  11 adders
  2 shadow imps
  2 white imps (Lair:4)
  6 oozes
  2 adder zombies
  A worm (D:3)
  4 dart slugs
  7 leopard geckos
  71 orcs
  7 bats
  3 giant cockroaches
  11 goblins
  9 hobgoblins
  6 jackals
  2 quokkas
  9 ball pythons
  6 frilled lizards
  2 goblin skeletons (D:6)
  2 goblin zombies (D:6)
  4 hobgoblin zombies (D:6)
  11 kobolds
  A kobold skeleton (D:6)
  A quokka skeleton (D:8)
  9 rats
  3 fungi
  11 plants
557 creatures vanquished.

Vanquished Creatures (collateral kills)
  A torpor snail (Lair:2)
  5 dream sheep
  A basilisk (Lair:1)
  5 orc warriors
  2 ogres (Orc:2)
  5 wolves (Lair:1)
  3 gnolls (D:10)
  9 orcs
31 creatures vanquished.

Vanquished Creatures (others)
  A molten gargoyle (Lair:6)
  A fungus (Lair:2)
  A plant (D:11)
3 creatures vanquished.

Grand Total: 591 creatures vanquished

Notes
Turn   | Place    | Note
-------+----------+-------------------------------------------
     0 | D:1      | handsaway the Hill Orc Fighter began the quest for the Orb.
     0 | D:1      | Reached XP level 1. HP: 19/19 MP: 1/1
    91 | D:1      | Reached XP level 2. HP: 27/27 MP: 2/2
   380 | D:1      | Reached XP level 3. HP: 25/33 MP: 3/3
  1300 | D:2      | Reached XP level 4. HP: 22/40 MP: 4/4
  1644 | D:2      | Found a stormy altar of Qazlal.
  2044 | D:3      | Reached XP level 5. HP: 32/47 MP: 5/5
  2047 | D:3      | HP: 2/47 [orc/war axe of electrocution (3)]
  2424 | D:3      | HP: 2/47 [poisoned by a worker ant]
  2431 | D:3      | HP: 3/70 [poisoned by a worker ant]
  2439 | D:3      | HP: 2/70 [poisoned by a worker ant]
  3206 | D:3      | Reached skill level 1 in Axes
  3427 | D:4      | Found a runed door.
  3433 | D:4      | Noticed Crazy Yiuf
  3438 | D:4      | Killed Crazy Yiuf
  3630 | D:4      | Reached skill level 2 in Axes
  3630 | D:4      | Reached XP level 6. HP: 49/53 MP: 6/6
  3759 | D:4      | Reached skill level 3 in Axes
  3759 | D:4      | Reached skill level 1 in Dodging
  3784 | D:4      | Noticed wevryn's ghost (amateur DEWz)
  3797 | D:4      | Killed wevryn's ghost
  3797 | D:4      | Reached skill level 4 in Axes
  3797 | D:4      | Reached XP level 7. HP: 60/60 MP: 7/7
  3805 | D:4      | Found a staircase to the Ecumenical Temple.
  3839 | Temple   | Entered the Ecumenical Temple
  3888 | Temple   | Became a worshipper of Trog the Wrathful
  3980 | D:4      | Found Qatat's Antique Weapon Emporium.
  3984 | D:4      | Bought a shimmering hand axe for 152 gold pieces
  3984 | D:4      | Identified the cursed +0 hand axe "Xireept" {freeze, +Fly rElec rC- Stlth-} (You bought it in a shop on level 4 of the Dungeon)
  4101 | D:4      | Reached skill level 5 in Axes
  4279 | D:5      | Entered Level 5 of the Dungeon
  4279 | D:5      | Noticed Sigmund
  4405 | D:5      | Reached skill level 5 in Fighting
  4405 | D:5      | Reached skill level 6 in Axes
  4477 | D:5      | Reached skill level 7 in Axes
  4477 | D:5      | Reached skill level 5 in Armour
  4514 | D:5      | Found a bloodstained altar of Trog.
  4565 | D:5      | Reached XP level 8. HP: 64/68 MP: 8/8
  4569 | D:5      | Killed Sigmund
  4569 | D:5      | Reached * piety under Trog
  4569 | D:5      | Reached skill level 8 in Axes
  4806 | D:5      | Found a hide-covered altar of Uskayaw.
  4815 | D:5      | Found a sacrificial altar of Ru.
  4900 | D:5      | Reached skill level 5 in Shields
  5067 | D:6      | Reached skill level 9 in Axes
  5086 | D:6      | Found a glowing golden altar of the Shining One.
  5143 | D:6      | Found a hazy altar of Hepliaklqana.
  5145 | D:6      | Noticed a yak
  5149 | D:6      | Found a transporter.
  5159 | D:6      | Found a transporter.
  5220 | D:6      | Reached skill level 10 in Axes
  5409 | D:6      | Found a glowing silver altar of Zin.
  5409 | D:6      | Noticed an angel
  5515 | D:6      | Found Ofomiuq's Antique Armour Shoppe.
  5523 | D:6      | Reached XP level 9. HP: 75/75 MP: 9/9
  5537 | D:6      | Bought a shiny helmet for 150 gold pieces
  5641 | D:6      | Found a basalt altar of Yredelemnul.
  5683 | D:6      | Found a shattered altar of Ashenzari.
  5749 | D:6      | Reached ** piety under Trog
  5948 | D:6      | Reached skill level 11 in Axes
  6455 | D:7      | Reached skill level 12 in Axes
  6563 | D:7      | Noticed a two-headed ogre
  6571 | D:7      | Killed a two-headed ogre
  6571 | D:7      | Reached XP level 10. HP: 61/86 MP: 10/10
  6875 | D:7      | Reached skill level 13 in Axes
  7151 | D:7      | Found an opulent altar of Gozag.
  7302 | D:7      | Reached *** piety under Trog
  7379 | D:7      | Found a sparkling altar of Nemelex Xobeh.
  7629 | D:8      | Found a radiant altar of Vehumet.
  7680 | D:8      | Noticed a two-headed ogre
  7696 | D:8      | Killed a two-headed ogre
  7698 | D:8      | Reached skill level 14 in Axes
  7955 | D:8      | Found an iron altar of Okawaru.
  8554 | D:9      | Found a staircase to the Orcish Mines.
  8677 | D:9      | Found a burning altar of Makhleb.
  8719 | D:9      | Reached **** piety under Trog
  8723 | D:9      | Reached XP level 11. HP: 86/95 MP: 11/11
  9325 | D:10     | Entered Level 10 of the Dungeon
  9366 | D:10     | Reached skill level 15 in Axes
  9443 | D:10     | Found a blossoming altar of Fedhas.
 10146 | D:10     | Noticed a two-headed ogre
 10152 | D:10     | Killed a two-headed ogre
 10457 | D:10     | Noticed a two-headed ogre
 10466 | D:10     | Killed a two-headed ogre
 10466 | D:10     | Reached skill level 10 in Fighting
 10632 | D:10     | Noticed a two-headed ogre
 10637 | D:10     | Killed a two-headed ogre
 10637 | D:10     | Reached skill level 16 in Axes
 10857 | D:11     | Found Ilerr's Magic Scroll Shop.
 10896 | D:11     | Bought a scroll of identify for 36 gold pieces
 10896 | D:11     | Bought a scroll of identify for 36 gold pieces
 10896 | D:11     | Bought a scroll of identify for 36 gold pieces
 10896 | D:11     | Bought a scroll of identify for 36 gold pieces
 10896 | D:11     | Bought a scroll of teleportation for 54 gold pieces
 10896 | D:11     | Bought a scroll of teleportation for 54 gold pieces
 10896 | D:11     | Found a burning altar of Makhleb.
 10922 | D:11     | Found Suiprima's Antique Weapon Boutique.
 10923 | D:11     | Found Kemitic's Distillery.
 10930 | D:11     | Bought a smoking hand axe for 184 gold pieces
 10930 | D:11     | Identified the +4 hand axe of the Grave {venom, rElec rF+ rN+ Str+2} (You bought it in a shop on level 11 of the Dungeon)
 10936 | D:11     | Bought a potion of curing for 42 gold pieces
 10952 | D:11     | Noticed a red ugly thing
 10969 | D:11     | Killed a red ugly thing
 11187 | D:11     | Found a staircase to the Lair.
 11219 | Lair:1   | Entered Level 1 of the Lair of Beasts
 11420 | Lair:1   | Reached XP level 12. HP: 99/108 MP: 12/12
 11468 | Lair:1   | Found a glowing silver altar of Zin.
 12750 | Lair:2   | Upgraded the game from 0.22-a0-252-gcace5d2 to 0.22-a0-253-gf9d0ce5
 12852 | Lair:2   | Reached skill level 10 in Armour
 13109 | Lair:2   | Noticed a seven-headed hydra
 13128 | Lair:2   | Killed a 15-headed hydra
 13128 | Lair:2   | Reached skill level 17 in Axes
 13128 | Lair:2   | Reached skill level 1 in Evocations
 13955 | Lair:3   | Noticed a five-headed hydra
 14026 | Lair:3   | Killed a five-headed hydra
 14445 | Lair:3   | Found a hole to the Spider Nest.
 14945 | Lair:3   | Reached XP level 13. HP: 119/119 MP: 15/15
 14990 | Lair:3   | Found a staircase to the Swamp.
 15916 | Lair:4   | Reached skill level 18 in Axes
 15991 | Lair:4   | Noticed an ice dragon
 16309 | Lair:4   | Killed an ice dragon
 18426 | Lair:6   | Entered Level 6 of the Lair of Beasts
 18452 | Lair:6   | Received a gift from Trog
 19040 | Lair:6   | Paralysed by a boggart for 4 turns
 19155 | Lair:6   | Reached ***** piety under Trog
 19416 | Lair:6   | Reached XP level 14. HP: 79/133 MP: 16/16
 21219 | Lair:6   | Reached skill level 15 in Fighting
 21346 | Lair:6   | Found a large runed door.
 21346 | Lair:6   | Found a large runed door.
 21488 | Lair:6   | Got a brightly glowing amber ring
 22032 | Orc:1    | Entered Level 1 of the Orcish Mines
 22580 | Orc:1    | Reached skill level 19 in Axes
 22585 | Orc:1    | Received a gift from Trog
 23372 | Orc:2    | Entered Level 2 of the Orcish Mines
 24471 | Orc:2    | Reached skill level 5 in Long Blades
 25636 | Orc:2    | Found a staircase to the Elven Halls.
 25679 | Orc:2    | Paralysed by an orc sorcerer for 6 turns
 25685 | Orc:2    | HP: 5/135 [orc sorcerer/bolt of fire (18)]
 25686 | Orc:2    | Killed from afar by an orc priest

Vault maps used:
D:1:      minmay_arrival_diagonal_passages
D:2:      lemuel_coloured_pillars_altar
D:4:      minmay_temple_entry_water_ring, serial_shops, shop, minivault_1,
          uniq_crazy_yiuf_cottage
D:5:      overflow_temple_1_default, kennysheep_mini, first_ration,
          grunt_ministairs_13, trog_hazing_becter, uniq_sigmund
D:6:      zin_angel, yredelemnul_altar_generic, nicolae_tso_besieged_by_evil,
          gammafunk_temple_overflow_arena, nicolae_ashenzari_panopticon,
          serial_shops, nicolae_shop_overgrown_old_shop
D:7:      lemuel_doored_altar, nemelex_xobeh_ov_fountains_minmay
D:8:      okawaru_trees_2, vehumet_statue, serial_bayou, serial_bayou_pond_c,
          serial_bayou_shore_b, serial_bayou_shore_b, serial_bayou_pond_b,
          serial_bayou_pond_c, serial_bayou_shore_b
D:9:      makhleb_heckhound_becter, orc_david_3, hangedman_little_slice_of_home,
          minmay_liquid_box
D:10:     introduction_to_nature_1
D:11:     david_lair_shrubbed, serial_shops, shop, shop, shop,
          nicolae_shop_temple_entry_statues_fountains, shop, basic_altar,
          water_maze_lemuel
Temple:   kb_temple_of_zot
Lair:1:   basic_altar, grunt_megastairs_1, serial_bayou_shore_a
Lair:3:   minmay_swamp_entry_swarm, spider_nest_entry_funnel_web, st_stairs_8
Lair:4:   ice2_lemuel, lemuel_fruit_tree
Lair:5:   minmay_slime_entry_oklob_enclosed, grunt_forest_stairs_basic
Lair:6:   cheibrodos_lair_end_hotspot, kilobyte_rumbling_trees
Orc:2:    pubby_orc_utopia

Skill      XL: |  1  2  3  4  5  6  7  8  9 10 11 12 13 14 |
---------------+-------------------------------------------+-----
Fighting       | 4 5 7 8 10 12 14 15 | 15.3
Long Blades    | 3 5 |  5.7
Shields        | 4 5 |  5.7
Armour         | 4 5 6 7 9 10 12 13 | 13.0
Axes           | 2 4 7 10 12 14 16 17 18 19 | 19.0
Dodging        | 1 2 |  2.2
Evocations     | 3 4 |  4.7
Throwing       | |  0.2
Stealth        | |  0.8

Action                   |  1- 3 |  4- 6 |  7- 9 | 10-12 | 13-15 || total
-------------------------+-------+-------+-------+-------+-------++-------
Melee: Long sword        |   138 |   118 |       |       |       ||   256
       War axe           |       |    46 |   250 |   265 |       ||   561
       Hand axe          |       |       |       |   307 |   650 ||   957
       Triple sword      |       |       |       |       |   203 ||   203
       Morningstar       |       |       |       |       |     5 ||     5
Throw: Javelin           |       |       |       |     4 |       ||     4
Invok: Berserk           |       |       |     1 |     5 |     3 ||     9
       Brothers in Arms  |       |       |       |     3 |     4 ||     7
       Trog's Hand       |       |       |       |     1 |     1 ||     2
 Abil: Evoke Flight      |       |       |       |       |     1 ||     1
Evoke: Wand              |       |       |     5 |    36 |    39 ||    80
  Use: Scroll            |     3 |     7 |     9 |     6 |    11 ||    36
       Potion            |     1 |     3 |       |     3 |       ||     7
 Stab: Paralysed         |       |       |       |     8 |     3 ||    11
       Petrified         |       |       |       |       |    11 ||    11
       Petrifying        |       |       |       |       |     1 ||     1
  Eat: Ration            |     1 |     3 |     4 |     5 |    12 ||    25
       Chunk             |       |       |       |    13 |     2 ||    15
Armor: Scale mail        |    66 |    52 |    61 |       |       ||   179
       Plate armour      |       |       |    26 |   256 |   510 ||   792
Dodge: Dodged            |    48 |    59 |    75 |   151 |   350 ||   683
Block: Shield            |    69 |    75 |   109 |   105 |       ||   358
       Buckler           |       |       |       |   113 |   174 ||   287
       Rpst.: Long sword |    14 |    13 |       |       |       ||    27
       Triple sword      |       |       |       |       |    36 ||    36

Table legend:
 A = Spawn XP
 B = Non-spawn XP
 C = Spawn XP percentage of total XP
 D = Spawn monster count
 E = Non-spawn monster count
 F = Spawn count percentage of total count
 G = Total turns spent on level
                    A         B        C        D         E        F      G
               +---------+---------+-------+---------+---------+-------+---------
         Total |       0 |   74016 |   0.0 |       0 |     575 |   0.0 | 25686
               +---------+---------+-------+---------+---------+-------+---------
           D:1 |       0 |      36 |   0.0 |       0 |      19 |   0.0 |   585
           D:2 |       0 |      80 |   0.0 |       0 |      23 |   0.0 |  1451
           D:3 |       0 |     138 |   0.0 |       0 |      30 |   0.0 |  1304
           D:4 |       0 |     543 |   0.0 |       0 |      11 |   0.0 |   872
           D:5 |       0 |     982 |   0.0 |       0 |      32 |   0.0 |   707
           D:6 |       0 |    1780 |   0.0 |       0 |      35 |   0.0 |  1221
           D:7 |       0 |    2368 |   0.0 |       0 |      36 |   0.0 |  1247
           D:8 |       0 |    2188 |   0.0 |       0 |      21 |   0.0 |   981
           D:9 |       0 |    1329 |   0.0 |       0 |      26 |   0.0 |  1175
          D:10 |       0 |    5474 |   0.0 |       0 |      38 |   0.0 |  1542
          D:11 |       0 |    1806 |   0.0 |       0 |      10 |   0.0 |   421
        Lair:1 |       0 |    3494 |   0.0 |       0 |      21 |   0.0 |  1238
        Lair:2 |       0 |    6352 |   0.0 |       0 |      26 |   0.0 |  1551
        Lair:3 |       0 |    5829 |   0.0 |       0 |      25 |   0.0 |  1380
        Lair:4 |       0 |   10811 |   0.0 |       0 |      31 |   0.0 |  1897
        Lair:5 |       0 |    3116 |   0.0 |       0 |      13 |   0.0 |  1263
        Lair:6 |       0 |   17918 |   0.0 |       0 |      57 |   0.0 |  3384
         Orc:1 |       0 |    4857 |   0.0 |       0 |      53 |   0.0 |  1326
         Orc:2 |       0 |    4915 |   0.0 |       0 |      68 |   0.0 |  2016
               +---------+---------+-------+---------+---------+-------+---------
